 Dungeon Crawl Stone Soup version 0.31.0-11-ge490571c62 (webtiles) character file.

Game seed: 13519405782098080353

63 qw the Shooter (level 3, 0/20 HPs)
             Began as a Deep Elf Hunter on Feb 3, 2024.
             Incinerated by a bombardier beetle (1 damage)
             ... with a burning spray
             ... on level 2 of the Dungeon.
             The game lasted 00:00:02 (844 turns).

qw the Shooter (Deep Elf Hunter)                     Turns: 844, Time: 00:00:03

Health: 0/20       AC:  3    Str: 10    XL:     3   Next: 87%
Magic:  5/5        EV: 12    Int: 13    God:
Gold:   129        SH:  0    Dex: 18    Spells: 2/2 levels left

rFire   + . .        a - +0 shortbow (freeze)
rCold   . . .        (shield currently unavailable)
rNeg    . . .        c - +0 leather armour
rPois   .            (no helmet)
rElec   .            (no cloak)
rCorr   .            (no gloves)
SInv    .            (no boots)
Will    .....        (no amulet)
Stlth   +            d - ring of protection from fire
HPRegen 0.23/turn    (no ring)
MPRegen 0.09/turn

%: no passive effects
@: on fire, glowing
A: no striking features
a: no special abilities


You were on level 2 of the Dungeon.
You visited 1 branch of the dungeon, and saw 2 of its levels.

You collected 129 gold pieces.


   Skills:
 - Level 1.5 Fighting
 + Level 7.3 Ranged Weapons
 - Level 2.4 Dodging
 - Level 1.2 Stealth


You had 2 spell levels left.
You didn't know any spells.
Your spell library was empty.

Inventory:

Hand Weapons
 a - a +0 shortbow of freezing (weapon)
Armour
 c - a +0 leather armour (worn)
Jewellery
 d - a ring of protection from fire (left hand)
Scrolls
 b - a scroll of identify {unknown}
Potions
 f - a potion of curing {unknown}
 g - a potion of haste {unknown}

Dungeon Overview and Level Annotations

Branches:
Dungeon (2/15)

Altars:


Message History

You shoot an arrow.
The arrow closely misses the bombardier beetle.
You shoot an arrow.
The arrow hits the bombardier beetle but does no damage.
The bombardier beetle is heavily wounded.
You shoot an arrow. The arrow hits the bombardier beetle.
The arrow freezes the bombardier beetle.
The bombardier beetle is almost dead.
The bombardier beetle sprays incendiary fluid at you.
The burning spray hits you.
You are covered in liquid fire!
You shoot an arrow.
The arrow closely misses the bombardier beetle.
The liquid fire burns you!
You shoot an arrow. The arrow hits the bombardier beetle.
The arrow freezes the bombardier beetle.
You kill the bombardier beetle!
The liquid fire burns you!
Your Ranged Weapons skill increases to level 7!
You are on fire!
The liquid fire burns you!
You are on fire!
The liquid fire burns you!
You are on fire!
The liquid fire burns you!
You are on fire!
The liquid fire burns you!
You are on fire!
The liquid fire burns you!
You are on fire!
The liquid fire burns you!
You are on fire!
The liquid fire burns you!
You are on fire!
The liquid fire burns you!
You are on fire!
The liquid fire burns you!
You are on fire!
The liquid fire burns you!
You die...

#####.# #. .... ...#.# ##. ...
##.#.# ##.. ...###..?.## ##... .
#.#........# #.... ...
#.#.##.....# ##... ..# ...<#
#%#.###.#..# ##.. ..##
..$...#..........# ##. ...
.......@.......#.## ## ..#
......###.###.....###### ..##
#...# #.# #...#.......
...#######...#####.# #.#...##.###
......<............###.##.###.###
....#######............##.# #.##.
....# #######.######.# #.##.
....# #.# #.# #.##. >..##
#%######.# #.##.


There were no monsters in sight!

Vanquished Creatures
  A bombardier beetle (D:2)
  A gnoll (D:1)
  2 endoplasms (D:1)
  A giant cockroach (D:1)
  A goblin (D:1)
  2 hobgoblins
  A jackal (D:1)
  A kobold (D:2)
  2 quokkas (D:1)
  2 ball pythons
  3 bats
  3 frilled lizards
  4 rats (D:1)
24 creatures vanquished.

Notes
Turn   | Place    | Note
-------+----------+-------------------------------------------
     0 | D:1      | qw the Deep Elf Hunter began the quest for the Orb.
     0 | D:1      | Reached XP level 1. HP: 12/12 MP: 3/3
     0 | D:1      | 0 ||| qw: Version: 0.3-a-158-g18b3111
     0 | D:1      | 0 ||| qw: Game counter: 4123
     0 | D:1      | 0 ||| qw: Melee chars always use a shield: true
     0 | D:1      | 0 ||| qw: God list: Okawaru
     0 | D:1      | 0 ||| qw: Allow faded altars: false
     0 | D:1      | 0 ||| qw: Do Orc after clearing Dungeon:15 true
     0 | D:1      | 0 ||| qw: Do second Lair branch before Depths: true
     0 | D:1      | 0 ||| qw: Lair rune preference: random
     0 | D:1      | 0 ||| qw: Goals: Normal
     0 | D:1      | 0 ||| PLANNING D:1-11
   130 | D:1      | Reached skill level 6 in Ranged Weapons
   130 | D:1      | Reached XP level 2. HP: 16/16 MP: 4/4
   538 | D:1      | 538 ||| UPGRADING to ring of protection from fire.
   539 | D:1      | 539 ||| READING scroll labelled KENOXU PESTRUSCH.
   539 | D:1      | 539 ||| BRANDING +0 shortbow.
   540 | D:1      | 540 ||| READING scroll labelled FOR DINE QECIS.
   541 | D:1      | 541 ||| DROPPING scroll of butterflies.
   596 | D:2      | Reached XP level 3. HP: 20/20 MP: 5/5
   835 | D:2      | Reached skill level 7 in Ranged Weapons
   841 | D:2      | HP: 4/20 [burnt (2)]
   843 | D:2      | HP: 1/20 [burnt (3)]
   844 | D:2      | Incinerated by a bombardier beetle

Levels and vault maps discovered:
D:1:      lightli_arrival_maybe_door_vault, layout_rooms, minmay_split_cup_large
D:2:      layout_loops_ring, basic_altar

Skill      XL: |  1  2  3 |
---------------+----------+-----
Ranged Weapons | 6 7 |  7.3
Fighting       | |  1.5
Dodging        | |  2.4
Stealth        | |  1.2

Action                     || total
---------------------------++-------
   Fire: Shortbow          ||    87
    Use: Scroll            ||     2
 Armour: Leather armour    ||    19
  Dodge: Dodged            ||    19

Table legend:
 A = Non-vault XP
 B = Vault XP
 C = Vault XP percentage of total XP
 D = Non-vault monster count
 E = Vault monster count
 F = Vault count percentage of total count
                 A         B        C        D         E       F
            +---------+---------+-------+---------+---------+-------
      Total |      82 |       8 |   8.9 |      20 |       4 |  16.7
            +---------+---------+-------+---------+---------+-------
        D:1 |      32 |       8 |  20.0 |      14 |       4 |  22.2
        D:2 |      50 |       0 |   0.0 |       6 |       0 |   0.0
            +---------+---------+-------+---------+---------+-------
